[Event "Titled Tuesday Blitz April 11 Late 2023"]
[White "Francisco Guecamburu, Candela Be"]
[Black "Mekhitarian, Krikor Sevag"]
[WhiteFideId "160911"]
[BlackFideId "2107660"]
[WhiteElo "2326"]
[BlackElo "2604"]
[Result "0-1"]
[Round "02"]
[TimeControl "180+2"]
[Date "2023.04.11"]
[WhiteClock "0:00:04"]
[BlackClock "0:00:06"]

1. e4 c5 2. Nf3 e6 3. d4 cxd4 4. Nxd4 Nc6 5. Nb5 d6 6. c4 Nf6 7. N1c3 a6 8. Na3 b6 9. Be2 Bb7 10. Be3 Nb8 11. f3 Qc7 12. O-O Be7 13. Qe1 Nbd7 14. Qf2 O-O 15. Rfd1 Rac8 16. Rac1 Rfe8 17. Nc2 Bd8 18. Kh1 Qb8 19. Na4 Bc6 20. Nc3 Bc7 21. Nb4 Bb7 22. c5 Nxc5 23. Bxc5 dxc5 24. Nxa6 Bxa6 25. Bxa6 Bxh2 26. Bxc8 Rxc8 27. Ne2 Be5 28. Rc2 Nh5 29. Rcd2 g5 30. Qe3 h6 31. b3 Nf4 32. Rd7 Nxe2 33. Qxe2 Bd4 34. Qa6 Rc7 35. Rd6 Rb7 36. e5 Kg7 37. R1xd4 cxd4 38. Qd3 Rc7 39. Qxd4 b5 40. Qd3 Rc1+ 41. Kh2 Qa7 42. Qd4 Qxd4 43. Rxd4 Rc5 44. Re4 h5 45. Kg3 Kg6 46. a4 bxa4 47. bxa4 Kf5 48. Kh3 Rxe5 49. Rxe5+ Kxe5 50. a5 Kd6 51. f4 gxf4 52. Kh4 e5 53. Kxh5 Kc5 54. Kg4 Kb5 55. Kf5 f6 0-1


[Site "https://www.chess.com"]

[Event "Titled Tuesday Blitz April 11 Late 2023"]
[White "Lenaerts, Lennert"]
[Black "Costachi, Mihnea"]
[WhiteFideId "211435"]
[BlackFideId "1217518"]
[WhiteElo "2334"]
[BlackElo "2456"]
[Result "1-0"]
[Round "02"]
[TimeControl "180+2"]
[Date "2023.04.11"]
[WhiteClock "0:01:05"]
[BlackClock "0:01:03"]

1. d4 Nf6 2. c3 g6 3. g3 Bg7 4. Bg2 O-O 5. e4 d6 6. Be3 e5 7. f3 Nc6 8. Ne2 Re8 9. d5 Ne7 10. O-O Rf8 11. c4 Ne8 12. Nbc3 f5 13. c5 Nf6 14. h3 h6 15. b4 g5 16. g4 fxe4 17. fxe4 Ng6 18. Ng3 Nf4 19. Rc1 a5 20. a3 axb4 21. axb4 Kh8 22. Qd2 Bd7 23. Ra1 Qe7 24. Kh2 Qf7 25. Nf5 h5 26. Bf3 Kh7 27. Rg1 h4 28. cxd6 Bxf5 29. exf5 cxd6 30. Ne4 Nxe4 31. Bxe4 Bf6 32. Rgc1 Rxa1 33. Rxa1 Rc8 34. Rc1 Qd7 35. Rc3 Bd8 36. f6+ Kh6 37. Bf5 Rxc3 38. Bxd7 Rd3 39. Bxf4 Rxd2+ 40. Bxd2 Bxf6 41. Bf5 Bd8 42. Kg2 Kg7 43. Kf3 Kf6 44. Bc8 b6 45. Ke4 Bc7 46. Ba6 Bd8 47. Bf1 Bc7 48. Bg2 Bd8 49. Kd3 Kf7 50. Kc4 Ke8 51. Kb5 Kd7 52. Be3 Bf6 53. Be4 Bd8 54. Bxb6 Bxb6 55. Kxb6 1-0


[Site "https://www.chess.com"]

[Event "Titled Tuesday Blitz April 11 Late 2023"]
[White "Poltorak, Sebastian"]
[Black "Mammadov, Zaur"]
[WhiteFideId "1199498"]
[BlackFideId "13401033"]
[WhiteElo "2195"]
[BlackElo "2441"]
[Result "0-1"]
[Round "02"]
[TimeControl "180+2"]
[Date "2023.04.11"]
[WhiteClock "0:00:04"]
[BlackClock "0:01:22"]

1. e4 e6 2. Nc3 d5 3. exd5 exd5 4. d4 Bb4 5. Bd3 Nf6 6. Bg5 O-O 7. Qd2 c5 8. Nf3 Re8+ 9. Kf1 c4 10. Be2 Bxc3 11. Qxc3 Nc6 12. Ne5 Qd6 13. Bxf6 Qxf6 14. Nxc6 bxc6 15. Re1 Bf5 16. Bf3 Rxe1+ 17. Kxe1 Rb8 18. h4 h6 19. h5 c5 20. dxc5 d4 21. Qxc4 Rxb2 22. Bd1 d3 23. cxd3 Bxd3 24. Qxd3 Qxf2# 0-1


[Site "https://www.chess.com"]

[Event "Titled Tuesday Blitz April 11 Late 2023"]
[White "Szpar, Milosz"]
[Black "Bilan, Danila"]
[WhiteFideId "1184989"]
[BlackFideId "24161918"]
[WhiteElo "2436"]
[BlackElo "2182"]
[Result "1-0"]
[Round "02"]
[TimeControl "180+2"]
[Date "2023.04.11"]
[WhiteClock "0:00:45"]
[BlackClock "0:00:03"]

1. e4 c6 2. d4 d5 3. e5 c5 4. dxc5 Nc6 5. f4 Bf5 6. Nf3 e6 7. Be3 Nh6 8. c3 Be7 9. Nbd2 O-O 10. Bb5 Rc8 11. b4 f6 12. Bxc6 bxc6 13. O-O Ng4 14. Bd4 fxe5 15. Nxe5 Nxe5 16. Bxe5 a5 17. Nf3 Be4 18. Qd4 Bf6 19. Nd2 Bf5 20. Rae1 axb4 21. cxb4 Ra8 22. Ra1 Ra3 23. Rf3 Qa8 24. Bxf6 Rxf6 25. Qb2 Rxf3 26. Nxf3 Be4 27. Ne5 Rxf4 28. Rf1 Qf8 29. Qe2 d4 30. g3 Rxf1+ 31. Qxf1 Qd8 32. Qf7+ Kh8 33. Qxe6 Qf8 34. Nf7+ Kg8 35. Ng5+ Kh8 36. Qxe4 h6 37. Qh7# 1-0


[Site "https://www.chess.com"]

[Event "Titled Tuesday Blitz April 11 Late 2023"]
[White "Hajiyev, Kanan"]
[Black "Goltsev, Dmitry"]
[WhiteFideId "13404148"]
[BlackFideId "24176710"]
[WhiteElo "2103"]
[BlackElo "2336"]
[Result "0-1"]
[Round "02"]
[TimeControl "180+2"]
[Date "2023.04.11"]
[WhiteClock "0:00:06"]
[BlackClock "0:00:43"]

1. d4 Nf6 2. c4 e6 3. Nf3 Bb4+ 4. Nbd2 Qe7 5. g3 b6 6. Bg2 Bb7 7. O-O Bxd2 8. Bxd2 O-O 9. Bc3 d6 10. b3 a5 11. a3 Nbd7 12. Rc1 Ne4 13. Bb2 f5 14. e3 Ndf6 15. Ne1 c5 16. Qc2 Ng5 17. f3 e5 18. dxc5 dxc5 19. h4 Nf7 20. Nd3 Rad8 21. Rcd1 Nh5 22. Qf2 Rd7 23. Rd2 Rfd8 24. Rfd1 Qd6 25. Bc3 Qe6 26. Nb2 Rxd2 27. Rxd2 Rxd2 28. Bxd2 Nd6 29. Nd1 e4 30. f4 a4 31. bxa4 Qxc4 32. a5 bxa5 33. Bxa5 Qd3 34. Nc3 Ba6 35. Kh2 Nf6 36. Na2 Ng4+ 0-1


[Site "https://www.chess.com"]

[Event "Titled Tuesday Blitz April 11 Late 2023"]
[White "Remizov, Yaroslav"]
[Black "Jimenez Almeida, Luis David"]
[WhiteFideId "34134015"]
[BlackFideId "22242244"]
[WhiteElo "2412"]
[BlackElo "2245"]
[Result "1-0"]
[Round "02"]
[TimeControl "180+2"]
[Date "2023.04.11"]
[WhiteClock "0:00:49"]
[BlackClock "0:00:19"]

1. d4 g6 2. e4 c6 3. Nf3 Na6 4. h4 h5 5. c4 Bg7 6. Nc3 d6 7. Be3 Nf6 8. Be2 Ng4 9. Bg5 Nc7 10. Qd2 a5 11. d5 O-O 12. Nh2 Nxh2 13. Rxh2 Qe8 14. g4 Bxg4 15. Bxg4 hxg4 16. Bh6 f6 17. O-O-O b5 18. Rg1 b4 19. Ne2 cxd5 20. exd5 Kh7 21. Bxg7 Kxg7 22. Rxg4 Rh8 23. Rhg2 Rh6 24. Nf4 Kh7 25. Nxg6 Rxg6 26. Rxg6 Qxg6 27. Rxg6 Kxg6 28. Qd3+ Kg7 29. h5 Rh8 30. Qg6+ Kf8 31. h6 Ne8 32. h7 Ng7 33. Kc2 a4 34. a3 b3+ 35. Kc3 f5 36. f4 Ne8 37. c5 dxc5 38. Qxf5+ Nf6 39. d6 Rxh7 40. d7 1-0


[Site "https://www.chess.com"]

[Event "Titled Tuesday Blitz April 11 Late 2023"]
[White "Kokoszczynski, Jan"]
[Black "Leitao, Rafael"]
[WhiteFideId "1174460"]
[BlackFideId "2101246"]
[WhiteElo "2139"]
[BlackElo "2609"]
[Result "0-1"]
[Round "02"]
[TimeControl "180+2"]
[Date "2023.04.11"]
[WhiteClock "0:00:02"]
[BlackClock "0:00:22"]

1. d4 Nf6 2. c4 g6 3. Nc3 Bg7 4. Nf3 d6 5. g3 O-O 6. Bg2 c5 7. d5 e6 8. O-O exd5 9. cxd5 a6 10. a4 Re8 11. Nd2 Nbd7 12. Nc4 Ne5 13. Na3 Bd7 14. Bg5 h6 15. Bf4 g5 16. Bd2 Rb8 17. e4 b5 18. axb5 axb5 19. Nc2 Nc4 20. Bc1 b4 21. Ne2 Nxe4 22. Ra7 Bb5 23. b3 Nb6 24. Re1 Qf6 25. Be3 Bxe2 26. Qxe2 Nxd5 27. Bxe4 Rxe4 28. Qd3 Nc3 29. Rea1 Rbe8 30. Ra8 d5 31. Rxe8+ Rxe8 32. Ra7 d4 33. Bd2 Qe6 34. Ra1 Qxb3 35. Ne1 Qd5 36. h4 c4 37. Qf3 Rxe1+ 0-1


[Site "https://www.chess.com"]

[Event "Titled Tuesday Blitz April 11 Late 2023"]
[White "Rodshtein, Maxim"]
[Black "Richter, Paul"]
[WhiteFideId "2806851"]
[BlackFideId "2046350"]
[WhiteElo "2555"]
[BlackElo "2171"]
[Result "1-0"]
[Round "02"]
[TimeControl "180+2"]
[Date "2023.04.11"]
[WhiteClock "0:00:30"]
[BlackClock "0:00:02"]

1. b3 Nf6 2. Bb2 g6 3. c4 Bg7 4. g3 d6 5. d4 O-O 6. Bg2 Nbd7 7. Nf3 Re8 8. Nc3 e5 9. e3 exd4 10. Nxd4 a5 11. O-O Nc5 12. Qc2 c6 13. Rab1 Qc7 14. h3 h5 15. Rfd1 Bd7 16. Ba1 Rad8 17. a3 Ne6 18. Nxe6 Bxe6 19. Rbc1 Bf5 20. e4 Bc8 21. Ne2 Qe7 22. Qc3 h4 23. g4 b6 24. Re1 Rf8 25. Nd4 Bb7 26. f4 c5 27. Nb5 Nh5 28. Qd2 Bxa1 29. Rxa1 Ng3 30. Nc3 Bc6 31. Re3 Rfe8 32. Rae1 Qf6 33. Qf2 Qd4 34. a4 Ba8 35. Ne2 Nxe2+ 36. R1xe2 Qf6 37. g5 Qa1+ 38. Kh2 Qd4 39. Qxh4 Re7 40. Qe1 Rde8 41. h4 Qh8 42. Kg3 Qd4 43. Rd2 Qg7 44. Rxd6 Qb2 45. Rd2 Qg7 46. e5 Bxg2 47. Kxg2 Re6 48. Rd5 Qf8 49. Qg3 Qe7 50. Red3 Qb7 51. Qf3 Qc8 52. h5 R6e7 53. Rd6 Re6 54. hxg6 fxg6 55. Qd5 Kf7 56. Rh3 Kg8 57. Rh6 Kg7 58. Rd7+ 1-0


[Site "https://www.chess.com"]

[Event "Titled Tuesday Blitz April 11 Late 2023"]
[White "Klukin, Kirill"]
[Black "Urbina Perez, Juan Antonio"]
[WhiteFideId "24199273"]
[BlackFideId "2217368"]
[WhiteElo "2344"]
[BlackElo "2197"]
[Result "1-0"]
[Round "02"]
[TimeControl "180+2"]
[Date "2023.04.11"]
[WhiteClock "0:00:15"]
[BlackClock "0:00:03"]

1. f4 d5 2. Nf3 Nf6 3. g3 Bg4 4. Bg2 Bxf3 5. Bxf3 c6 6. O-O Nbd7 7. d3 e5 8. Nc3 Bd6 9. e4 dxe4 10. Nxe4 Nxe4 11. dxe4 Qc7 12. Qe2 O-O-O 13. Bg4 Kb8 14. Be3 Nf6 15. f5 Nxg4 16. Qxg4 g6 17. Rad1 Qe7 18. fxg6 hxg6 19. Bg5 Bc5+ 20. Kg2 Rxd1 21. Bxe7 Rd2+ 22. Kf3 Bxe7 23. Rf2 f5 24. Qxg6 fxe4+ 25. Ke3 Rxf2 26. Kxf2 Bc5+ 27. Kf1 Rf8+ 28. Kg2 e3 29. Qe4 b6 30. Qxe5+ Kb7 31. h4 Rf2+ 32. Kh3 Rxc2 33. b4 Bxb4 34. Qxe3 Rxa2 35. Qb3 Ra5 36. Qxb4 Rc5 37. Qg4 a5 38. h5 Ka6 39. h6 Rc1 40. Qe4 b5 41. h7 Rc4 42. Qxc4 bxc4 43. h8=Q 1-0


[Site "https://www.chess.com"]

[Event "Titled Tuesday Blitz April 11 Late 2023"]
[White "Mortazavi, Ali"]
[Black "Yanchenko, Roman"]
[WhiteFideId "401323"]
[BlackFideId "4137329"]
[WhiteElo "2339"]
[BlackElo "2491"]
[Result "1-0"]
[Round "02"]
[TimeControl "180+2"]
[Date "2023.04.11"]
[WhiteClock "0:00:23"]
[BlackClock "0:00:06"]

1. Nf3 d5 2. g3 Nf6 3. Bg2 Bf5 4. O-O e6 5. d3 Be7 6. c4 c6 7. Be3 O-O 8. Qb3 Qc8 9. Nc3 Nbd7 10. Rac1 dxc4 11. Qxc4 Nd5 12. Bd2 Bg6 13. e4 N5b6 14. Qb3 Rd8 15. d4 Nf6 16. Rfe1 Bh5 17. Be3 Ng4 18. Bf4 Nf6 19. Be3 h6 20. h3 Bxf3 21. Bxf3 Qd7 22. Red1 Rac8 23. a4 Na8 24. Bg2 b6 25. d5 exd5 26. exd5 c5 27. a5 Bd6 28. Bf1 Rb8 29. axb6 axb6 30. Nb5 Be5 31. d6 Ne8 32. Qd5 Bxb2 33. Rc2 Nf6 34. Qd2 Be5 35. f4 Ne4 36. Qg2 Bd4 37. Bxd4 cxd4 38. Qxe4 Re8 39. Qxd4 Rbd8 40. Rcd2 Qf5 41. g4 Qd7 42. Kh2 Qc6 43. Qd5 Qd7 44. Bc4 Rf8 45. Re2 Kh8 46. Re7 Qc8 47. Bd3 Qb8 48. Qf5 Rxd6 49. Qh7# 1-0


[Site "https://www.chess.com"]

[Event "Titled Tuesday Blitz April 11 Late 2023"]
[White "Averjanov, Alexey"]
[Black "Sreyas Payyappat"]
[WhiteFideId "14109867"]
[BlackFideId "46674969"]
[WhiteElo "2399"]
[BlackElo "2083"]
[Result "1/2-1/2"]
[Round "02"]
[TimeControl "180+2"]
[Date "2023.04.11"]
[WhiteClock "0:00:05"]
[BlackClock "0:00:05"]

1. d4 Nf6 2. c4 c5 3. Nf3 e6 4. g3 cxd4 5. Nxd4 Nc6 6. Bg2 Bc5 7. Nb3 Bb6 8. c5 Bc7 9. O-O O-O 10. Nc3 d6 11. Nb5 d5 12. Nxc7 Qxc7 13. Nd4 e5 14. Nxc6 bxc6 15. b4 Ba6 16. Re1 Rfe8 17. Bb2 Rab8 18. a3 Nd7 19. Qd2 e4 20. Qd4 f6 21. Bc3 Ne5 22. f3 exf3 23. exf3 Bc4 24. Re3 Qf7 25. Rae1 Qg6 26. a4 Nd3 27. Rxe8+ Rxe8 28. Re3 Nc1 29. Bf1 Nb3 30. Qf4 Rxe3 31. Qxe3 Bxf1 32. Kxf1 Kf7 33. Kg2 Qc2+ 34. Kh3 Qf5+ 35. g4 Qe6 36. Qf4 Qe2 37. Kg3 d4 38. Bxd4 Nxd4 39. Qxd4 Qe1+ 40. Kg2 Qe2+ 41. Kg3 Qe1+ 42. Qf2 Qxb4 43. Qa2+ Kg6 44. Qc2+ Kf7 45. Qf5 Qd4 46. Qc2 g6 47. h4 h5 48. gxh5 Qe5+ 49. Kg2 Qxh5 50. Qc4+ Qd5 51. Qc2 f5 52. Qc3 Ke6 53. Qe3+ Kf6 54. Qc3+ Qe5 55. Qc4 Qd5 56. Qc3+ Qe5 57. Qc4 Qb2+ 58. Kg3 Qe5+ 59. Kg2 1/2-1/2


[Site "https://www.chess.com"]

[Event "Titled Tuesday Blitz April 11 Late 2023"]
[White "Vovk, Orest"]
[Black "Oro, Faustino"]
[WhiteFideId "14113490"]
[BlackFideId "20000197"]
[WhiteElo "2215"]
[BlackElo "1984"]
[Result "0-1"]
[Round "02"]
[TimeControl "180+2"]
[Date "2023.04.11"]
[WhiteClock "0:00:02"]
[BlackClock "0:00:04"]

1. h4 e5 2. h5 h6 3. d4 exd4 4. Qxd4 Nc6 5. Qa4 d5 6. g4 Bc5 7. Qf4 Nf6 8. g5 hxg5 9. Qxg5 Bxf2+ 10. Kd1 Ne4 11. Qxd8+ Nxd8 12. Bg2 Bb6 13. Bxe4 dxe4 14. Nc3 Bf5 15. Nd5 Ne6 16. Nxb6 axb6 17. Be3 O-O-O+ 18. Ke1 Bg4 19. h6 f5 20. Rd1 Rde8 21. Nh3 Bxh3 22. Rxh3 f4 23. Bd4 Rxh6 24. Rxh6 gxh6 25. Be5 Rg8 26. Kf2 Rg5 27. Bf6 Rf5 28. Be7 h5 29. Rh1 c6 30. Bh4 Kd7 31. c3 Ke8 32. Rg1 Kf7 33. Rd1 Rd5 34. Rg1 Nf8 35. Bg5 Ng6 36. Bh6 Rf5 37. c4 h4 38. Rd1 Rh5 39. Rd7+ Ke6 40. Rh7 h3 41. Kg1 f3 42. exf3 exf3 43. Kf2 h2 44. Rf7 Kxf7 0-1


[Site "https://www.chess.com"]

[Event "Titled Tuesday Blitz April 11 Late 2023"]
[White "Riehle, Marco"]
[Black "Mikhalsky, Vladimir"]
[WhiteFideId "12904392"]
[BlackFideId "14144352"]
[WhiteElo "2462"]
[BlackElo "2236"]
[Result "1-0"]
[Round "02"]
[TimeControl "180+2"]
[Date "2023.04.11"]
[WhiteClock "0:00:33"]
[BlackClock "0:00:07"]

1. e4 g6 2. d4 Bg7 3. Nc3 d6 4. Be3 a6 5. h4 h5 6. Nh3 Bxh3 7. Rxh3 b5 8. Qe2 Nc6 9. O-O-O Nf6 10. e5 Ng4 11. Bg5 Qd7 12. Rhd3 O-O 13. f3 Nh2 14. e6 fxe6 15. Qe4 Nxf1 16. Rxf1 Rf5 17. g4 hxg4 18. Qxg4 e5 19. h5 gxh5 20. Qxh5 Qe8 21. Qh4 Qg6 22. Rg1 Nxd4 23. Be3 Qf7 24. Bh6 Ne6 25. Nd5 Re8 26. Nxc7 Nxc7 27. Rxg7+ Qxg7 28. Bxg7 Kxg7 29. Rd1 Kf7 30. Qh6 Rf6 31. Qh7+ Ke6 32. Qh3+ Rf5 33. Rg1 Rf8 34. Rg7 Nd5 35. a3 Kd7 36. Rg5 Ke6 37. Kb1 Nf4 38. Qg4 Rf6 39. Rg8 Kd7 40. Qg1 Ne2 41. Qa7+ Ke6 42. Qxa6 Nd4 43. Qc8+ Kd5 44. c3 Nc6 45. Qb7 Kc5 46. Rc8 d5 47. b4+ Kc4 48. Rxc6+ Kb3 49. Rxf6 Rxf6 50. Qxd5+ Kxc3 51. Qxe5+ Kb3 52. Qe3+ Ka4 53. Kb2 Rxf3 54. Qa7# 1-0


[Site "https://www.chess.com"]

[Event "Titled Tuesday Blitz April 11 Late 2023"]
[White "Yeritsyan, Hayk"]
[Black "Kushko, Dmitriy"]
[WhiteFideId "13307320"]
[BlackFideId "14162261"]
[WhiteElo "2241"]
[BlackElo "2230"]
[Result "0-1"]
[Round "02"]
[TimeControl "180+2"]
[Date "2023.04.11"]
[WhiteClock "0:02:21"]
[BlackClock "0:01:59"]

1. d4 g6 2. Nf3 Bg7 3. Bf4 d6 4. h3 Nd7 5. e3 e5 6. Bh2 Nh6 7. c3 O-O 8. Be2 Qe7 9. O-O Kh8 10. Na3 a6 11. Nc4 f5 12. Rc1 Nf7 13. Re1 b6 14. a4 Bb7 15. b4 g5 16. a5 b5 17. Na3 g4 18. hxg4 fxg4 19. Nd2 h5 20. Bd3 Ng5 21. Qe2 Bh6 22. Bg3 h4 23. Bxh4 Nh3+ 24. gxh3 Qxh4 25. hxg4 Qh1# 0-1


[Site "https://www.chess.com"]

[Event "Titled Tuesday Blitz April 11 Late 2023"]
[White "Chos, Alexey"]
[Black "Klekowski, Maciej"]
[WhiteFideId "14117762"]
[BlackFideId "1132717"]
[WhiteElo "2234"]
[BlackElo "2540"]
[Result "1-0"]
[Round "02"]
[TimeControl "180+2"]
[Date "2023.04.11"]
[WhiteClock "0:00:04"]
[BlackClock "0:00:11"]

1. Nf3 Nf6 2. g3 g6 3. Bg2 Bg7 4. d4 O-O 5. c4 d6 6. Nc3 Nc6 7. d5 Na5 8. b3 e5 9. dxe6 Bxe6 10. O-O Nc6 11. Bb2 Re8 12. Qd2 Qd7 13. Rad1 Rad8 14. Nd5 Bxd5 15. cxd5 Ne7 16. Bxf6 Bxf6 17. e4 Bg7 18. Nd4 c6 19. dxc6 bxc6 20. Rfe1 c5 21. Nc2 Nc6 22. Qd3 Nd4 23. Ne3 a5 24. Nc4 Qc7 25. Qd2 Ra8 26. Qf4 Rad8 27. Qd2 Ra8 28. Qf4 Ra6 29. Bf1 a4 30. Ne3 Raa8 31. Nd5 Qd8 32. Bc4 axb3 33. axb3 Be5 34. Qe3 Nc2 35. Qf3 Nxe1 36. Rxe1 Kg7 37. Kg2 Ra7 38. Re2 h5 39. b4 cxb4 40. Nxb4 Qf6 41. Qd3 Rea8 42. Nd5 Qd8 43. f4 Bf6 44. e5 dxe5 45. fxe5 Bg5 46. Qd4 Kh7 47. h4 Be7 48. Qf4 Qe8 49. e6 f5 50. Nc7 Qc6+ 51. Bd5 Ra2 52. Bxc6 Rxe2+ 53. Kf1 Raa2 54. Bf3 Red2 55. Ke1 Bd6 56. Qxd2 Bxg3+ 57. Kd1 Rxd2+ 58. Kxd2 Bxh4 59. Kd3 Kg7 60. Nd5 Bf2 61. Nf4 h4 62. e7 Kf7 63. Nxg6 Bc5 64. Bd5+ 1-0


[Site "https://www.chess.com"]

[Event "Titled Tuesday Blitz April 11 Late 2023"]
[White "Barp, Alberto"]
[Black "Gutkin, Ilya"]
[WhiteFideId "872555"]
[BlackFideId "16203470"]
[WhiteElo "2313"]
[BlackElo "2265"]
[Result "1-0"]
[Round "02"]
[TimeControl "180+2"]
[Date "2023.04.11"]
[WhiteClock "0:00:41"]
[BlackClock "0:00:01"]

1. c4 c5 2. Nf3 g6 3. Nc3 Bg7 4. e3 Nf6 5. d4 cxd4 6. exd4 d5 7. cxd5 Nxd5 8. Bc4 Nxc3 9. bxc3 O-O 10. O-O Nc6 11. Re1 e6 12. h4 b6 13. h5 Na5 14. Bd3 Bb7 15. hxg6 hxg6 16. Ng5 Bd5 17. Qg4 Rc8 18. Qh4 Re8 19. Ba3 Re7 20. Qh7+ Kf8 21. Nxf7 Kxf7 22. Bxg6+ Kf8 23. Be4 Nc4 24. Bxe7+ Qxe7 25. Bxd5 Qg5 26. Bxe6 Rd8 27. Bxc4 1-0


[Site "https://www.chess.com"]

[Event "Titled Tuesday Blitz April 11 Late 2023"]
[White "Riff, Vincent"]
[Black "Vivas Zamora, Fabian Ernesto"]
[WhiteFideId "617776"]
[BlackFideId "3902480"]
[WhiteElo "2369"]
[BlackElo "2262"]
[Result "1-0"]
[Round "02"]
[TimeControl "180+2"]
[Date "2023.04.11"]
[WhiteClock "0:00:45"]
[BlackClock "0:00:01"]

1. e4 c5 2. Nf3 d6 3. d4 cxd4 4. Qxd4 Nc6 5. Bb5 Bd7 6. Bxc6 Bxc6 7. c4 f5 8. Nc3 fxe4 9. Ng5 e5 10. Qe3 Qf6 11. Ngxe4 Qg6 12. O-O Nf6 13. Nxf6+ gxf6 14. Nd5 Bxd5 15. cxd5 Be7 16. f4 O-O 17. f5 Qf7 18. Qe4 Kh8 19. Rf3 Rg8 20. Rh3 Bd8 21. Kh1 Rc8 22. Bd2 Bb6 23. Rh6 Rc5 24. Qh4 Bd8 25. Rc1 Rxd5 26. Be3 Rd3 27. Bg1 Rd2 28. Rg6 Rxg6 29. fxg6 Qxg6 30. Qh3 Kg7 31. Rc3 Bb6 32. Rg3 Rd1 33. Rxg6+ hxg6 34. Qd7+ Kh6 35. h4 Bxg1 36. g4 Be3+ 37. Kg2 Bf4 38. Qd8 Rd2+ 39. Kf1 Rd1+ 40. Ke2 Rd2+ 41. Ke1 Kg7 42. Qe7+ Kg8 43. Qxf6 Rxb2 44. Qxg6+ Kf8 45. Qxd6+ Kg8 46. Qg6+ Kf8 47. h5 Rh2 48. Qf6+ Kg8 49. g5 Rg2 50. g6 1-0


[Site "https://www.chess.com"]

[Event "Titled Tuesday Blitz April 11 Late 2023"]
[White "Pulpan, Jakub"]
[Black "Jarocka, Liwia"]
[WhiteFideId "302759"]
[BlackFideId "21807558"]
[WhiteElo "2484"]
[BlackElo "2013"]
[Result "1-0"]
[Round "02"]
[TimeControl "180+2"]
[Date "2023.04.11"]
[WhiteClock "0:01:21"]
[BlackClock "0:00:49"]

1. e4 d6 2. d4 g6 3. b3 Bg7 4. Bb2 Nf6 5. Nd2 O-O 6. Ngf3 Nbd7 7. Be2 c5 8. d5 e6 9. dxe6 fxe6 10. O-O Qe7 11. e5 dxe5 12. Nxe5 Nxe5 13. Bxe5 Rd8 14. Bd3 Bd7 15. Qe2 Bc6 16. Rae1 Ne8 17. Bxg7 Nxg7 18. Nc4 b6 19. Ne5 Bb7 20. Be4 Rd4 21. Bxb7 Qxb7 22. c3 Rd5 23. Qe4 Qc7 24. c4 Rdd8 25. Ng4 Kh8 26. Re3 Rac8 27. Rh3 Qe7 28. Qxg6 Nf5 29. Nf6 Rc7 30. Nxh7 1-0


[Site "https://www.chess.com"]

[Event "Titled Tuesday Blitz April 11 Late 2023"]
[White "Mikhailovsky, Vladimir"]
[Black "Kornyukov, Alexey"]
[WhiteFideId "34105414"]
[BlackFideId "4150457"]
[WhiteElo "2275"]
[BlackElo "2352"]
[Result "1-0"]
[Round "02"]
[TimeControl "180+2"]
[Date "2023.04.11"]
[WhiteClock "0:01:22"]
[BlackClock "0:00:07"]

1. e4 c5 2. c3 Nf6 3. e5 Nd5 4. Nf3 Nc6 5. Bc4 Nb6 6. Bb3 d5 7. exd6 Qxd6 8. O-O Be6 9. Bxe6 Qxe6 10. Na3 Qd7 11. d4 cxd4 12. Qe2 d3 13. Qe4 e6 14. Rd1 Rd8 15. Nb5 Be7 16. Be3 Nc8 17. Nbd4 Nxd4 18. Bxd4 O-O 19. Rxd3 Qd5 20. Qg4 f6 21. Bxf6 Bxf6 22. Rxd5 exd5 23. Rd1 Rfe8 24. h4 Nb6 25. h5 h6 26. Qg6 Nc4 27. Rxd5 Nxb2 28. Rd7 Nc4 29. Qf7+ Kh8 30. Rxd8 Rxd8 31. Qxc4 b6 32. Qc7 Rd1+ 33. Kh2 Rd5 34. g4 a5 35. Qxb6 Bxc3 36. Qc6 Be5+ 37. Kg2 Rd8 38. Nxe5 1-0


[Site "https://www.chess.com"]

[Event "Titled Tuesday Blitz April 11 Late 2023"]
[White "Weetik, Vjacheslav"]
[Black "Prieto Aranguren, Alain"]
[WhiteFideId "4153472"]
[BlackFideId "2268906"]
[WhiteElo "2469"]
[BlackElo "2209"]
[Result "1-0"]
[Round "02"]
[TimeControl "180+2"]
[Date "2023.04.11"]
[WhiteClock "0:00:29"]
[BlackClock "0:01:13"]

1. d4 d5 2. c4 c6 3. Nf3 Nf6 4. g3 dxc4 5. Bg2 b5 6. O-O e6 7. Ne5 Qb6 8. a4 Bb7 9. b3 cxb3 10. Qxb3 bxa4 11. Qxa4 Bd6 12. Nc4 Qd8 13. Nxd6+ Qxd6 14. Ba3 Qd7 15. Nd2 Nd5 16. Ne4 Nb6 17. Qb3 Na6 18. Nd6+ Kd8 19. Rfc1 Kc7 20. Nxb7 Kxb7 21. Bxc6+ Qxc6 22. Rxc6 Kxc6 23. Rc1+ Kb7 24. Qf3+ Nd5 25. Qxf7+ Kb6 26. Qxe6+ 1-0


[Site "https://www.chess.com"]

[Event "Titled Tuesday Blitz April 11 Late 2023"]
[White "Marchesich, Giovanni"]
[Black "Koziorowicz, Michal"]
[WhiteFideId "2824790"]
[BlackFideId "21809194"]
[WhiteElo "2209"]
[BlackElo "2255"]
[Result "0-1"]
[Round "02"]
[TimeControl "180+2"]
[Date "2023.04.11"]
[WhiteClock "0:00:03"]
[BlackClock "0:01:21"]

1. d4 Nf6 2. Nf3 e6 3. e3 b6 4. Bd3 Bb7 5. O-O Ne4 6. c4 f5 7. b3 Be7 8. Bb2 O-O 9. Nc3 d6 10. Nd2 Nxc3 11. Bxc3 Nd7 12. f3 e5 13. d5 Nc5 14. Bc2 a5 15. f4 e4 16. a3 Bf6 17. Bxf6 Qxf6 18. b4 Nd7 19. Nb3 axb4 20. axb4 Qc3 21. Qd2 Qxc4 22. Nd4 Rxa1 23. Rxa1 Ra8 24. Rxa8+ Bxa8 25. Bb3 Qa6 26. Nxf5 Nf6 27. Ne7+ Kf7 28. Nc6 Bxc6 29. dxc6+ Ke7 30. Qc3 Qe2 31. h3 Qd3 32. Qxd3 exd3 33. Kf1 d5 34. Ke1 Kd6 35. Kd2 Kxc6 36. Kxd3 Kb5 37. Kc2 Kxb4 38. g4 c6 39. Kb2 Ne4 40. Bc2 Nf2 41. Bxh7 Nxh3 42. g5 Kc5 43. Bf5 Nf2 44. Bd7 Kd6 45. Bc8 Nd1+ 46. Kc2 Nxe3+ 47. Kd3 Nc4 48. Bb7 b5 49. f5 c5 50. g6 Ne5+ 51. Ke3 Nd7 52. Kf4 Nf6 53. Kg5 Ke5 54. Bc6 b4 55. Ba4 c4 0-1


[Site "https://www.chess.com"]

[Event "Titled Tuesday Blitz April 11 Late 2023"]
[White "Osmonbekov, Talaibek"]
[Black "Rozman, Levy"]
[WhiteFideId "2017253"]
[BlackFideId "2039877"]
[WhiteElo "2135"]
[BlackElo "2376"]
[Result "0-1"]
[Round "02"]
[TimeControl "180+2"]
[Date "2023.04.11"]
[WhiteClock "0:00:02"]
[BlackClock "0:01:08"]

1. d4 g6 2. h4 h6 3. Bf4 Bg7 4. Nc3 d6 5. Nf3 a6 6. e4 b5 7. a3 Bb7 8. Qd2 e6 9. O-O-O Nd7 10. Be2 Ne7 11. g4 Nb6 12. h5 g5 13. Bxg5 hxg5 14. Nxg5 Bh6 15. f4 Qd7 16. Bf3 Bxg5 17. fxg5 O-O-O 18. Bg2 Rdg8 19. Rdf1 Nc4 20. Qe2 Rxg5 21. Rxf7 Qe8 22. Rhf1 Kb8 23. R7f6 Nc6 24. b3 Nb6 25. Bh3 e5 26. d5 Nd4 27. Qe3 Rgg8 28. Kb2 Bc8 29. Ne2 Nd7 30. Rf7 Nc5 31. c3 Ndxb3 32. Ng3 Na5 33. Qe2 Nc4+ 34. Ka2 Rf8 35. Rxf8 Rxf8 36. Rxf8 Qxf8 37. Nf5 Qf6 38. h6 Bxf5 39. exf5 Qxh6 40. Bg2 Na4 41. Kb3 Qc1 0-1


[Site "https://www.chess.com"]

[Event "Titled Tuesday Blitz April 11 Late 2023"]
[White "Javakhadze, Zurab"]
[Black "Chemin, Justo Reinaldo"]
[WhiteFideId "13603647"]
[BlackFideId "2101580"]
[WhiteElo "2381"]
[BlackElo "1940"]
[Result "1-0"]
[Round "02"]
[TimeControl "180+2"]
[Date "2023.04.11"]
[WhiteClock "0:00:40"]
[BlackClock "0:00:10"]

1. Nf3 e6 2. g3 d5 3. Bg2 Nf6 4. O-O c6 5. d3 Be7 6. Nbd2 O-O 7. e4 c5 8. Qe2 Re8 9. Re1 Nc6 10. e5 Nd7 11. Nf1 Nf8 12. h4 f6 13. N1h2 fxe5 14. Ng4 Nd4 15. Qd1 Nxf3+ 16. Qxf3 Bd6 17. Nxe5 Qf6 18. Bf4 Bxe5 19. Bxe5 Qxf3 20. Bxf3 Bd7 21. h5 Rac8 22. Kg2 b5 23. h6 gxh6 24. Rh1 Ng6 25. Bc3 d4 26. Bd2 Ne5 27. Be4 Nf7 28. Bxh6 Bc6 29. Rae1 Bxe4+ 30. Rxe4 e5 31. Rg4+ Kh8 32. Bg7+ Kg8 33. Bxe5+ Kf8 34. Bf4 Re2 35. Rxh7 c4 36. Rgg7 Re7 37. Bd6 Nxd6 38. Rxe7 cxd3 39. cxd3 1-0


[Site "https://www.chess.com"]